 Dungeon Crawl Stone Soup version 0.19-a0-1740-g0bcaf2e (webtiles) character file.

6667 kae the Carver (level 11, -4/129 HPs)
             Began as a Formicid Fighter on Oct 1, 2016.
             Was a Believer of Makhleb.
             Slain by a two-headed ogre
             ... wielding a +0 giant club
              (18 damage)
             ... on level 10 of the Dungeon.
             The game lasted 00:11:12 (8994 turns).

kae the Carver (Formicid Fighter)                   Turns: 8994, Time: 00:11:13

Health: -4/129     AC: 25    Str: 24    XL:     11   Next: 22%
Magic:  11/11      EV:  2    Int:  8    God:    Makhleb [**....]
Gold:   495        SH:  9    Dex: 10    Spells: 0 memorised, 10 levels left

rFire  . . .     SeeInvis .     J - +2 scimitar (flame)
rCold  . . .     Gourm    .     (armour currently unavailable)
rNeg   + + +     Faith    .     c - +0 shield
rPois  +         Spirit   .     (helmet unavailable)
rElec  .         Dismiss  .     (cloak currently unavailable)
rCorr  .         Reflect  .     (gloves currently unavailable)
MR     +....     Harm     .     (boots currently unavailable)
Stlth  +.........               (no amulet)
                                q - ring of stealth
                                t - ring of poison resistance

@: liquid flames, tree-form, glowing
A: permanent stasis, dig shafts and tunnels, four strong arms, (antennae 0)
a: Minor Destruction, Renounce Religion


You were on level 10 of the Dungeon.
You worshipped Makhleb.
Makhleb was pleased with you.
You were very hungry.
You were a tree.
You visited 2 branches of the dungeon, and saw 11 of its levels.

You collected 495 gold pieces.

Inventory:

Hand Weapons
 a - a +1 long sword
 J - a +2 scimitar of flaming (weapon)
Armour
 c - a +0 shield (worn)
 l - a +0 pair of boots (melded)
 v - a +0 plate armour (melded)
 D - a +2 cloak (melded)
 E - a +1 pair of gloves (melded)
Jewellery
 h - a cursed -2 ring of protection {unknown}
 n - an uncursed ring of ice
 q - a ring of stealth (right branch)
 t - a ring of poison resistance (left branch)
 H - an uncursed ring of ice
 L - an uncursed ring of stealth
Wands
 g - a wand of polymorph (7/24)
 r - a wand of flame (14/48)
 C - a wand of disintegration (7/24)
 F - a wand of acid (2/15)
Scrolls
 x - a scroll of enchant weapon
 y - a scroll of recharging
 I - 5 scrolls of identify
 K - a scroll of remove curse
Potions
 b - a potion of lignification
 d - a potion of might
 e - 5 potions of agility
 i - a potion of resistance
 m - a potion of invisibility
 s - 4 potions of curing
 z - a potion of mutation
 A - a potion of magic
Books
 o - a book of Minor Magic

   Spells                             Type                      Level
   a - Magic Dart                     Conjuration                  1
   b - Blink                          Translocation                2
   c - Call Imp                       Summoning                    2
   d - Repel Missiles                 Charms/Air                   2
   e - Slow                           Hexes                        2
   f - Conjure Flame                  Conjuration/Fire             3
   g - Mephitic Cloud                 Conjuration/Poison/Air       3
 u - a book of Changes

   Spells                             Type                      Level
   a - Beastly Appendage              Transmutation                1
   b - Sticks to Snakes               Transmutation                2
   c - Spider Form                    Transmutation/Poison         3
   d - Ice Form                       Ice/Transmutation            4
   e - Blade Hands                    Transmutation                5
 w - a book of Necromancy

   Spells                             Type                      Level
   a - Pain                           Necromancy                   1
   b - Animate Skeleton               Necromancy                   1
   c - Vampiric Draining              Necromancy                   3
   d - Regeneration                   Charms/Necromancy            3
   e - Animate Dead                   Necromancy                   4
   f - Control Undead                 Necromancy                   4
 G - a book of Conjurations

   Spells                             Type                      Level
   a - Magic Dart                     Conjuration                  1
   b - Searing Ray                    Conjuration                  2
   c - Dazzling Spray                 Conjuration/Hexes            3
   d - Fulminant Prism                Conjuration/Hexes            4
   e - Iskenderun's Mystic Blast      Conjuration                  4
   f - Iskenderun's Battlesphere      Conjuration/Charms           5
Comestibles
 f - 6 bread rations
 j - 4 meat rations
 k - 2 royal jellies
 p - 11 beef jerkies
 B - a fruit


   Skills:
 - Level 8.2 Fighting
 * Level 14.4 Long Blades
 - Level 3.2 Armour
 - Level 3.6 Shields


You had 10 spell levels left.
You didn't know any spells.

Dungeon Overview and Level Annotations

Branches:
Dungeon (10/15)            Temple (1/1) D:7            Lair (0/6) D:10
    Orc: D:9-12

Altars:
Ashenzari
Cheibriados
Dithmenos
Elyvilon
Fedhas
Gozag
Hepliaklqana
Kikubaaqudgha
Makhleb
Sif Muna
Trog
Uskayaw
Vehumet
Xom
Yredelemnul
Zin


Innate Abilities, Weirdness & Mutations

You are under a permanent stasis effect.
You can dig through walls and to a lower floor.
Your four strong arms can wield two-handed weapons with a shield.
((You have a pair of large antennae on your head. (SInv)))


Message History

The mottled dragon barely misses you.
You are feeling very hungry.
You slash the mottled dragon! You burn the mottled dragon.
The mottled dragon is heavily wounded.
You are covered in liquid flames!
* * * LOW HITPOINT WARNING * * *
The mottled dragon bites you but does no damage.
The mottled dragon claws you but does no damage.
You slash the two-headed ogre! You burn the two-headed ogre.
The two-headed ogre is heavily wounded.
You are covered in liquid flames!
* * * LOW HITPOINT WARNING * * *
Unknown command.
You hit the two-headed ogre. You burn the two-headed ogre.
The two-headed ogre is heavily wounded.
You are covered in liquid flames!
* * * LOW HITPOINT WARNING * * *
The two-headed ogre hits you but does no damage.
The two-headed ogre hits you with a giant spiked club!!
You die...

........# ........#
........# ........# .#
........## #. .........
.. ....(.).# #.#
.......D###.#
##.....P♣.#.#
.......OP...#
#?P..PPPP..P..##
###.(..PP..P.....##
####....PPPP.(.PP....#
[.(....PP....PP.P..#.#
#.##.PPPP.PP.....P...#
#(##..P..P..P..PP....#
##.##PPPPP†P..PP.PPP..#


You could see a two-headed ogre and a mottled dragon.

Vanquished Creatures
  Erica (D:10)
  A hill giant (D:10)
  Grinder (D:6)
  Sigmund (D:4)
  6 yaks (D:9)
  A hungry ghost (D:7)
  A steam dragon (D:8)
  4 orc warriors
  5 ice beasts
  A phantom (D:10)
  5 centaurs
  9 ogres
  A big kobold (D:9)
  Blork the orc (D:4)
  2 bullfrogs
  3 scorpions
  A water moccasin skeleton (D:6)
  4 wights (D:6)
  5 crimson imps
  A centaur zombie (D:6)
  4 orc priests
  4 jellies
  5 orc wizards
  4 hounds
  2 centaur skeletons
  6 worker ants
  A hound zombie (D:5)
  A hound skeleton (D:6)
  A worker ant zombie (D:6)
  8 gnolls
  8 adders
  4 shadow imps
  2 oozes
  2 worms
  2 dart slugs
  9 leopard geckos
  46 orcs
  A ball python (D:2)
  7 bats
  10 giant cockroaches
  8 goblins
  7 hobgoblins
  6 jackals
  5 quokkas
  5 frilled lizards
  11 kobolds
  15 rats
  A fungus (D:10)
  A plant (D:10)
240 creatures vanquished.

Vanquished Creatures (others)
  An orc (D:10)
  A fungus (D:10)
2 creatures vanquished.

Grand Total: 242 creatures vanquished

Notes
Turn   | Place    | Note
-------+----------+-------------------------------------------
     0 | D:1      | kae the Formicid Fighter began the quest for the Orb.
     0 | D:1      | Reached XP level 1. HP: 18/18 MP: 1/1
   264 | D:1      | Reached XP level 2. HP: 24/24 MP: 2/2
   658 | D:1      | Reached XP level 3. HP: 30/30 MP: 3/3
  1272 | D:2      | Reached skill level 3 in Long Blades
  1341 | D:2      | Reached XP level 4. HP: 28/37 MP: 4/4
  1415 | D:2      | Found a faded altar of an unknown god.
  1684 | D:3      | Reached skill level 4 in Long Blades
  1684 | D:3      | Reached XP level 5. HP: 24/43 MP: 5/5
  2054 | D:3      | Noticed a centaur
  2067 | D:3      | Killed a centaur
  2067 | D:3      | Reached XP level 6. HP: 12/50 MP: 6/6
  2342 | D:3      | Found a deep blue altar of Sif Muna.
  2611 | D:3      | Reached skill level 5 in Long Blades
  2687 | D:4      | Reached skill level 5 in Fighting
  3204 | D:4      | Reached XP level 7. HP: 50/56 MP: 7/7
  3267 | D:4      | Reached skill level 6 in Long Blades
  3321 | D:4      | Noticed Sigmund
  3586 | D:4      | Noticed Blork the orc
  3604 | D:4      | Killed Blork the orc
  3700 | D:4      | Killed Sigmund
  3700 | D:4      | Reached skill level 7 in Long Blades
  3700 | D:4      | Reached XP level 8. HP: 57/64 MP: 8/8
  4066 | D:5      | Entered Level 5 of the Dungeon
  4423 | D:5      | Reached skill level 8 in Long Blades
  4758 | D:6      | Reached XP level 9. HP: 60/72 MP: 9/9
  4774 | D:6      | Reached skill level 9 in Long Blades
  4949 | D:6      | Noticed Grinder
  5558 | D:6      | Killed Grinder
  5628 | D:6      | Found a shattered altar of Ashenzari.
  5961 | D:7      | Reached skill level 10 in Long Blades
  6181 | D:7      | Reached skill level 11 in Long Blades
  6186 | D:7      | Reached XP level 10. HP: 36/80 MP: 10/10
  6336 | D:7      | Found a staircase to the Ecumenical Temple.
  6346 | Temple   | Entered the Ecumenical Temple
  6372 | Temple   | Became a worshipper of Makhleb the Destroyer
  7171 | D:8      | Reached skill level 12 in Long Blades
  7747 | D:9      | Reached * piety under Makhleb
  7950 | D:9      | Reached skill level 13 in Long Blades
  8312 | D:9      | Reached ** piety under Makhleb
  8506 | D:10     | Entered Level 10 of the Dungeon
  8506 | D:10     | Noticed Erica
  8525 | D:10     | Killed Erica
  8525 | D:10     | Reached XP level 11. HP: 28/86 MP: 11/11
  8533 | D:10     | Reached skill level 14 in Long Blades
  8913 | D:10     | Found a staircase to the Lair.
  8970 | D:10     | Noticed a hill giant
  8983 | D:10     | Killed a hill giant
  8994 | D:10     | Slain by a two-headed ogre

Vault maps used:
D:1:      elethiomel_arrival_maze
D:2:      ecumenical_altar_2
D:3:      led_sif_pool
D:4:      uniq_blork_the_orc, uniq_sigmund
D:5:      first_bread
D:6:      basic_altar, serial_park_tiny_2, uniq_grinder
D:7:      enter_bailey_7, grunt_ogre_cave
D:9:      nicolae_whirlpool, serial_shops, shop
D:10:     due_lair_maze_entry_diamond, nicolae_trove_entry_path_of_doom,
          uniq_erica, uniq_fannar
Temple:   nicolae_temple_the_god_donut

Skill      XL: |  1  2  3  4  5  6  7  8  9 10 11 |
---------------+----------------------------------+-----
Fighting       | 4 5 6 7 8 |  8.2
Long Blades    | 3 4 5 7 8 11 13 14 | 14.4
Armour         | |  3.2
Shields        | |  3.6

Action                   |  1- 3 |  4- 6 |  7- 9 | 10-12 || total
-------------------------+-------+-------+-------+-------++-------
Melee: Long sword        |   122 |   213 |   407 |   426 ||  1168
       Scimitar          |       |       |       |    59 ||    59
 Abil: Dig               |       |       |     4 |     5 ||     9
Evoke: Wand              |       |       |     3 |       ||     3
  Use: Scroll            |       |     7 |    11 |     3 ||    21
       Potion            |       |     1 |     2 |     3 ||     6
  Eat: Chunk             |     2 |     6 |    10 |     7 ||    25
       Bread ration      |       |       |     1 |       ||     1
Armor: Scale mail        |    49 |       |       |       ||    49
       Plate armour      |     2 |   100 |   169 |   202 ||   473
       Skin              |       |       |       |     4 ||     4
Dodge: Dodged            |    28 |    40 |    54 |    66 ||   188
Block: Shield            |    83 |   112 |   145 |   182 ||   522
